 Dungeon Crawl Stone Soup version 0.17.1-3-g152610e (webtiles) character file.

174 Alarkh the Poker (level 5, -1/38 HPs)
             Began as a Mummy Skald on Apr 25, 2016.
             Killed by divine providence
             ... invoked by an orc priest
              (14 damage)
             ... on level 3 of the Dungeon.
             The game lasted 00:03:40 (2195 turns).

Alarkh the Poker (Mummy Skald)                      Turns: 2195, Time: 00:03:40

Health: -1/38      AC:  3    Str: 15    XL:     5   Next: 28%
Magic:  5/8        EV: 11    Int: 12    God:
Gold:   133        SH:  0    Dex: 12    Spells: 3 memorised, 3 levels left

rFire  x . .     SeeInvis .     a - +0 trident
rCold  + . .     Clarity  .     b - +0 leather armour
rNeg   + + +     SustAt   +     (no shield)
rPois  ∞         Gourm    .     (no helmet)
rElec  .         Spirit   .     (no cloak)
rCorr  .         Warding  .     (no gloves)
rMut   .         Stasis   .     (no boots)
MR     .....                    (no amulet)
Stlth  +.........               (no ring)
                                i - ring of sustain attributes

@: not resistant to hostile enchantments, very unstealthy
A: no food or potions, fire vulnerability, cold resistance 1, negative energy
resistance 3, torment resistance, unbreathing
a: no special abilities


You were on level 3 of the Dungeon.
You were not hungry.

You visited 1 branch of the dungeon, and saw 3 of its levels.

You collected 133 gold pieces.

Inventory:

Hand Weapons
 a - a +0 trident (weapon)
 e - a +0 spear
Armour
 b - a +0 leather armour (worn)
Jewellery
 i - a ring of sustain attributes (left hand)
Scrolls
 d - a scroll of identify
 f - a scroll of remove curse
 g - 3 scrolls of recharging
 h - 2 scrolls of amnesia
Books
 c - a book of Battle

   Spells                             Type                      Level
   a - Infusion                       Charms                       1
   b - Shroud of Golubria             Charms/Translocation         2
   c - Song of Slaying                Charms                       2
   d - Spectral Weapon                Hexes/Charms                 3
   e - Regeneration                   Charms/Necromancy            3


   Skills:
 - Level 2.0 Fighting
 + Level 4.6 Polearms
 - Level 0.7 Armour
 - Level 0.7 Dodging
 - Level 2.0 Spellcasting
 - Level 2.4 Charms


You had 3 spell levels left.
You knew the following spells:

 Your Spells              Type           Power        Failure   Level  Hunger
a - Infusion              Chrm           #.....       14%         1    N/A
b - Song of Slaying       Chrm           #.......     21%         2    N/A
e - Shroud of Golubria    Chrm/Tloc      #.........   34%         2    N/A

Dungeon Overview and Level Annotations

Branches:
Dungeon (3/15)

Altars:
Dithmenos
Zin

Annotations:
D:3 Alarkh's ghost, weakling DsMo


Innate Abilities, Weirdness & Mutations

You do not eat or drink.
Your flesh is vulnerable to fire.
You are immune to poison.
Your flesh is cold resistant.
You are immune to negative energy.
You are immune to unholy pain and torment.
You can survive without breathing.


Message History

a leather armour; an orc corpse Your magical infusion is running out.
You are no longer magically infusing your attacks.
The orc priest mumbles some strange prayers to Beogh against you.
Something smites you!
* * * LOW HITPOINT WARNING * * *
Alarkh's ghost (weakling Demonspawn Monk) comes into view.
Alarkh's ghost turns its malevolent gaze towards you.
You barely miss Alarkh's ghost. Alarkh's ghost barely misses you.
Alarkh's ghost hits you.
* * * LOW HITPOINT WARNING * * *
The orc priest looks braver for a moment.
Alarkh's ghost barely misses you. The orc closely misses you.
The orc priest looks braver for a moment.
Found 11 gold pieces.
Alarkh's ghost screams, "You will join me soon!"
Found a club.
The orc priest mumbles some strange prayers to Beogh against you.
Something smites you!
You die...

.#
#o########..........
#..##.....!g..######
. ##o##.....o...# ..
#.##.........#
...####.#######S####
.......o#######†####
#........##........#
#.......W##........#
#.......@##........#
#.........#........#
#$......#.#........#
#.......#[#........#
#..)....#..........#
........##.####.####
..########.. #.#
##.# .# .. .#


You could see an orc priest, Alarkh's ghost and an orc.

Vanquished Creatures
  Jessica (D:2)
  7 adders
  An ooze (D:2)
  2 worms (D:2)
  4 orcs (D:3)
  A ball python (D:2)
  10 bats
  4 hobgoblins
  2 quokkas (D:2)
  A giant cockroach (D:1)
  A giant newt (D:2)
  12 goblins
  11 jackals
  6 kobolds
  7 rats
70 creatures vanquished.

Notes
Turn   | Place    | Note
--------------------------------------------------------------
     0 | D:1      | Alarkh the Mummy Skald began the quest for the Orb.
     0 | D:1      | Reached XP level 1. HP: 16/16 MP: 3/3
   222 | D:1      | Reached XP level 2. HP: 22/22 MP: 5/5
   769 | D:1      | Learned a level 2 spell: Song of Slaying
   772 | D:1      | Learned a level 2 spell: Shroud of Golubria
   908 | D:2      | Reached XP level 3. HP: 23/27 MP: 6/6
   928 | D:2      | Reached skill level 3 in Polearms
   994 | D:2      | Found a shadowy altar of Dithmenos.
   995 | D:2      | Noticed Jessica
  1005 | D:2      | Killed Jessica
  1101 | D:2      | Reached XP level 4. HP: 19/33 MP: 2/7
  1157 | D:2      | Found a glowing silver altar of Zin.
  1304 | D:2      | Reached skill level 4 in Polearms
  1733 | D:3      | Reached XP level 5. HP: 38/38 MP: 5/8
  2177 | D:3      | Noticed Alarkh's ghost (weakling DsMo)
  2195 | D:3      | Killed from afar by an orc priest

Action                   |  1- 3 |  4- 6 || total
-------------------------+-------+-------++-------
Melee: Spear             |   165 |   101 ||   266
       Trident           |       |     2 ||     2
 Cast: Infusion          |    11 |    18 ||    29
  Use: Scroll            |       |     5 ||     5
 Stab: Sleeping          |     1 |       ||     1
